 Dungeon Crawl Stone Soup version 0.23.1 (webtiles) character file.

Game seed: 9755697203049993031

364 Borgoz the Cutter (level 6, -2/52 HPs)
             Began as a Ghoul Monk on Mar 15, 2019.
             Slain by a wight
             ... wielding a +3 battleaxe
              (9 damage)
             ... on level 4 of the Dungeon.
             The game lasted 00:07:02 (2904 turns).

Borgoz the Cutter (Ghoul Monk)                      Turns: 2904, Time: 00:07:02

Health: -2/52      AC:  5    Str: 15    XL:     6   Next: 67%
Magic:  5/5        EV: 12    Int:  6    God:
Gold:   178        SH:  0    Dex: 16    Spells: 5/5 levels left

rFire    . . .     SeeInvis .   a - +1 short sword
rCold    + . .     Gourm    .   (no shield)
rNeg     + + +     Faith    .   m - +0 ring mail
rPois    ∞         Spirit   .   (no helmet)
rElec    .         Reflect  .   (no cloak)
rCorr    .         Harm     .   (no gloves)
MR       .....                  (no boots)
Stlth    ++........             (no amulet)
HPRegen  0.00/turn              b - +4 ring of dexterity
MPRegen  0.09/turn              (no ring)

@: rotting
A: rotting body, claws 1, carnivore, cold resistance 1, negative energy
resistance 3, inhibited regeneration, torment resistance, unbreathing
a: no special abilities


You were on level 4 of the Dungeon.
You were not hungry.

You visited 1 branch of the dungeon, and saw 4 of its levels.

You collected 178 gold pieces.

Inventory:

Hand Weapons
 a - a +1 short sword (weapon)
Missiles
 o - 3 javelins (quivered)
 p - 5 exploding tomahawks
 s - 4 tomahawks of returning
Armour
 m - a +0 ring mail (worn)
Jewellery
 b - a +4 ring of dexterity (left claw)
Scrolls
 d - a scroll of random uselessness {unknown}
 e - 5 scrolls of remove curse
 h - a scroll of immolation {unknown}
 i - 4 scrolls of teleportation {unknown}
 j - 2 scrolls of enchant armour
 k - a scroll of fog
 q - 2 scrolls of identify {unknown}
 t - a scroll of magic mapping {unknown}
Potions
 g - a potion of haste {unknown}
 l - a potion of lignification {unknown}
 n - 3 potions of curing {unknown}
 r - a potion of brilliance {unknown}
 u - a potion of berserk rage {unknown}
Comestibles
 c - 2 rations
 f - a chunk of flesh


   Skills:
 + Level 4.2 Fighting
 + Level 4.7 Short Blades
 + Level 2.6 Armour
 + Level 3.3 Dodging
 + Level 3.1 Stealth


You had 5 spell levels left.
You didn't know any spells.
Your spell library was empty.

Dungeon Overview and Level Annotations

Branches:
Dungeon (4/15)
 Temple: D:4-7

Altars:
Elyvilon
Nemelex Xobeh
Wu Jian
The Shining One


Innate Abilities, Weirdness & Mutations

Your body is rotting away.
You thrive on raw meat.
You are immune to poison.
You have sharp fingernails.
You are carnivorous and can eat meat at any time.
Your flesh is cold resistant. (rC+)
You are immune to negative energy. (rN+++)
You do not regenerate when monsters are visible.
You are immune to unholy pain and torment.
You can survive without breathing.


Message History

You hit the wight but do no damage. The wight barely misses you.
You barely miss the wight. The wight barely misses you.
You hit the wight.
The wight is moderately damaged.
You hit the wight but do no damage.
The wight is moderately damaged.
The wight closely misses you.
Your ring mail prevents you from hitting the wight.
The wight is moderately damaged.
The wight hits you with a +3 battleaxe!
You hit the wight.
The wight is severely damaged.
You hit the wight but do no damage.
The wight is severely damaged.
The wight hits you with a +3 battleaxe!
* * * LOW HITPOINT WARNING * * *
Eat one of 2 chunks of flesh? (ye/n/q)
You eat one of the 2 chunks of flesh.
This raw flesh tastes great!
The wight hits you with a +3 battleaxe!
You die...

#.#.## .# #....##.#
##.....(. #
#.....$.# ..#
#.......######...#
###.......##........
........)%..z.......
###..>.#z##..._....
#.#.##@######...#
.###.#÷##.# ..#
#........#.# #
#..##.#..#.#
..........#
..#####.###
#..#####.#
.........####
#######....#


You could see a wight.

Vanquished Creatures
  A scorpion (D:3)
  A wight (D:4)
  An orc priest (D:3)
  An orc wizard (D:3)
  Natasha (thrice) (D:3)
  A worker ant (D:4)
  3 adders (D:3)
  3 oozes
  A dart slug (D:2)
  A leopard gecko (D:1)
  8 orcs
  3 ball pythons
  4 bats
  3 giant cockroaches
  7 goblins
  6 hobgoblins
  5 jackals
  A quokka (D:3)
  4 frilled lizards
  9 kobolds
  8 rats
74 creatures vanquished.

Notes
Turn   | Place    | Note
-------+----------+-------------------------------------------
     0 | D:1      | Borgoz the Ghoul Monk began the quest for the Orb.
     0 | D:1      | Reached XP level 1. HP: 19/19 MP: 0/0
    73 | D:1      | Reached XP level 2. HP: 17/26 MP: 1/1
   642 | D:1      | Reached XP level 3. HP: 20/31 MP: 2/2
  1346 | D:2      | Found a white marble altar of Elyvilon.
  1821 | D:3      | Found a glowing golden altar of the Shining One.
  1904 | D:3      | Reached XP level 4. HP: 29/40 MP: 3/3
  2020 | D:3      | Reached skill level 1 in Armour
  2063 | D:3      | Reached XP level 5. HP: 16/46 MP: 4/4
  2193 | D:3      | Found a sparkling altar of Nemelex Xobeh.
  2282 | D:3      | Noticed Natasha
  2301 | D:3      | Killed Natasha
  2392 | D:3      | Reached XP level 6. HP: 22/52 MP: 5/5
  2625 | D:3      | Noticed Natasha
  2632 | D:3      | Killed Natasha
  2727 | D:3      | Noticed Natasha
  2737 | D:3      | Killed Natasha
  2784 | D:4      | Found a sparkling altar of Nemelex Xobeh.
  2831 | D:4      | Found an ornate altar of the Wu Jian Council.
  2903 | D:4      | HP: 1/52 [wight/+3 battleaxe (17)]
  2904 | D:4      | Slain by a wight

Skill      XL: |  1  2  3  4  5  6 |
---------------+-------------------+-----
Dodging        | 3 |  3.3
Short Blades   | 3 4 |  4.7
Armour         | 1 2 |  2.6
Stealth        | 3 |  3.1
Fighting       | 4 |  4.2

Action                   |  1- 3 |  4- 6 || total
-------------------------+-------+-------++-------
Melee: Short sword       |   141 |   207 ||   348
Throw: Javelin           |       |     1 ||     1
  Use: Scroll            |     4 |     2 ||     6
       Potion            |       |     1 ||     1
 Stab: Sleeping          |     5 |     1 ||     6
  Eat: Chunk             |     8 |    31 ||    39
Armor: Leather armour    |    12 |       ||    12
       Ring mail         |    26 |    49 ||    75
Dodge: Dodged            |    81 |   126 ||   207
